[Event "Titled Tuesday Blitz February 07 Late 2023"]
[White "Darini, Pouria"]
[Black "Rasulov, Vugar"]
[WhiteFideId "12502200"]
[BlackFideId "13402390"]
[WhiteElo "2401"]
[BlackElo "2523"]
[Result "0-1"]
[Round "05"]
[TimeControl "180+2"]
[Date "2023.02.07"]
[WhiteClock "0:00:07"]
[BlackClock "0:00:20"]

1. e4 e5 2. Nf3 Nc6 3. Bb5 Nf6 4. d3 Bc5 5. Bxc6 dxc6 6. O-O Qe7 7. Nbd2 Bg4 8. h3 Bh5 9. Nc4 Nd7 10. Be3 f6 11. Qe2 O-O 12. Bxc5 Nxc5 13. Qe3 Ne6 14. Nh4 Nd4 15. Nf5 Nxf5 16. exf5 Bf7 17. Nd2 Qb4 18. b3 a5 19. Ne4 Bd5 20. a3 Qd4 21. Qxd4 exd4 22. Rfe1 b6 23. Nd2 Rfe8 24. f3 Kf7 25. Kf2 c5 26. a4 h5 27. h4 Bc6 28. Rxe8 Rxe8 29. Re1 Rxe1 30. Kxe1 Bd7 31. g4 hxg4 32. fxg4 g6 33. fxg6+ Kxg6 34. g5 fxg5 35. hxg5 Kxg5 36. Kf2 Kf4 37. Nc4 Be6 38. Na3 Bd7 39. Nc4 Be8 40. Ke2 Kf5 41. Kd2 Ke6 42. Na3 Kd5 43. Nc4 Bd7 44. Kc1 Bc8 45. Kb2 Ba6 46. Nd2 c6 47. Nf3 b5 48. Ka3 Bc8 49. Nd2 Bf5 50. Kb2 Bc8 51. Ka2 Ba6 52. Ka3 c4 53. bxc4+ bxc4 54. dxc4+ Bxc4 55. Kb2 Be2 56. Nb3 c5 57. Nxa5 c4 58. c3 d3 59. Kc1 Bg4 60. Kd2 Bc8 61. Kc1 Ba6 62. Kd2 Kc5 63. Kc1 Kb6 64. Nxc4+ Bxc4 65. Kd2 Ka5 66. Kc1 Kxa4 67. Kb2 Bd5 68. Kc1 Kb3 69. Kd2 Bc4 70. Kc1 Kxc3 71. Kb1 d2 0-1


[Site "https://www.chess.com"]

[Event "Titled Tuesday Blitz February 07 Late 2023"]
[White "Yoo, Christopher Woojin"]
[Black "Perske, Thore"]
[WhiteFideId "30909694"]
[BlackFideId "12902195"]
[WhiteElo "2607"]
[BlackElo "2448"]
[Result "1-0"]
[Round "05"]
[TimeControl "180+2"]
[Date "2023.02.07"]
[WhiteClock "0:00:06"]
[BlackClock "0:00:06"]

1. Nf3 Nf6 2. c4 g6 3. Nc3 Bg7 4. g3 O-O 5. Bg2 d6 6. d4 c6 7. O-O Qb6 8. b3 e5 9. dxe5 dxe5 10. Na4 Qc7 11. Bb2 Re8 12. Qc1 Bf5 13. Rd1 e4 14. Nd4 Bg4 15. h3 Bc8 16. Qf4 Qxf4 17. gxf4 Na6 18. e3 Nb4 19. Ba3 Na6 20. Ne2 Bf8 21. Bb2 Bg7 22. a3 h5 23. b4 Be6 24. Rac1 Rad8 25. Nd4 Bc8 26. b5 Nb8 27. bxc6 Nxc6 28. Nxc6 bxc6 29. Nc5 Bf5 30. Be5 Nd7 31. Nb7 Nxe5 32. Rxd8 Rxd8 33. Nxd8 Nd3 34. Rb1 c5 35. Rb7 Nb2 36. Bf1 Bf6 37. Nxf7 Be6 38. Nd6 Bf5 39. Rxa7 Kf8 40. a4 Be7 41. Nxf5 gxf5 42. a5 Na4 43. Rb7 Ke8 44. a6 Bd6 45. a7 1-0


[Site "https://www.chess.com"]

[Event "Titled Tuesday Blitz February 07 Late 2023"]
[White "Makhnev, Denis"]
[Black "Dzida, Kamil"]
[WhiteFideId "13707647"]
[BlackFideId "21828652"]
[WhiteElo "2483"]
[BlackElo "2352"]
[Result "1-0"]
[Round "05"]
[TimeControl "180+2"]
[Date "2023.02.07"]
[WhiteClock "0:02:05"]
[BlackClock "0:00:05"]

1. d4 Nf6 2. c4 e6 3. Nf3 d5 4. Nc3 Bb4 5. Qa4+ Nc6 6. e3 O-O 7. Qc2 Re8 8. Bd2 Bf8 9. a3 e5 10. dxe5 Nxe5 11. cxd5 Nxf3+ 12. gxf3 Nxd5 13. O-O-O Nxc3 14. Bxc3 Qh4 15. Bd3 Be6 16. Rhg1 g6 17. f4 Rad8 18. f5 Rxd3 19. Qxd3 Bc4 20. Qd7 Qxf2 21. fxg6 Qxe3+ 22. Bd2 Qe6 23. gxf7+ Kh8 24. Rg8# 1-0


[Site "https://www.chess.com"]

[Event "Titled Tuesday Blitz February 07 Late 2023"]
[White "Cuenca Jimenez, Jose Fernando"]
[Black "Duda, Jan-Krzysztof"]
[WhiteFideId "2255570"]
[BlackFideId "1170546"]
[WhiteElo "2535"]
[BlackElo "2724"]
[Result "0-1"]
[Round "05"]
[TimeControl "180+2"]
[Date "2023.02.07"]
[WhiteClock "0:00:01"]
[BlackClock "0:00:57"]

1. d4 Nf6 2. c4 c5 3. d5 g6 4. Nc3 Bg7 5. e4 d6 6. h3 e6 7. Nf3 O-O 8. Bd3 exd5 9. exd5 Re8+ 10. Be3 Rxe3+ 11. fxe3 Qe7 12. O-O Nbd7 13. Qd2 Ne5 14. Nxe5 Qxe5 15. Qf2 Qe7 16. Rae1 Nd7 17. Qf4 Ne5 18. Be2 a6 19. a4 Bd7 20. b3 Nd3 21. Bxd3 Bxc3 22. Re2 Be5 23. Qf3 Rf8 24. e4 Qg5 25. Kh1 Kg7 26. Qe3 Qh4 27. Ref2 Bd4 28. Qf4 Bxf2 29. Rxf2 Qxf4 30. Rxf4 b5 31. axb5 axb5 32. Kg1 b4 33. Rf2 Ra8 34. Kf1 Ra1+ 35. Ke2 Rc1 36. Kd2 Rc3 37. Bc2 g5 38. e5 dxe5 39. Bf5 e4 40. Rf1 Bxf5 41. Rxf5 Rxb3 42. Kc2 Rc3+ 0-1


[Site "https://www.chess.com"]

[Event "Titled Tuesday Blitz February 07 Late 2023"]
[White "Dourerassou, Jonathan"]
[Black "Kollars, Dmitrij"]
[WhiteFideId "628050"]
[BlackFideId "12909572"]
[WhiteElo "2414"]
[BlackElo "2607"]
[Result "0-1"]
[Round "05"]
[TimeControl "180+2"]
[Date "2023.02.07"]
[WhiteClock "0:00:10"]
[BlackClock "0:00:08"]

1. d4 d5 2. Nf3 Nf6 3. Bf4 c5 4. e3 Nc6 5. Nbd2 Bg4 6. c3 e6 7. h3 Bxf3 8. Nxf3 Bd6 9. Ne5 O-O 10. Bd3 Qc7 11. Ng4 Nd7 12. Bxd6 Qxd6 13. O-O f5 14. Nh2 c4 15. Bc2 b5 16. f4 b4 17. cxb4 Nxb4 18. Nf3 Rab8 19. Rf2 Rb6 20. a3 Nxc2 21. Rxc2 Rfb8 22. Qd2 Rb3 23. Ne5 Nxe5 24. fxe5 Qb6 25. Rb1 Rxa3 26. bxa3 Qxb1+ 27. Kh2 h6 28. a4 Kh7 29. a5 Rb3 30. Qf2 c3 31. e4 Rb2 32. Rxb2 Qxb2 33. Qg3 c2 34. exf5 exf5 35. Qf3 c1=Q 36. Qxf5+ Kg8 37. Qe6+ Kf8 38. Qd6+ Ke8 39. Qe6+ Kd8 40. Qxd5+ Kc8 41. Qg8+ Kb7 42. Qxg7+ Ka6 43. Qf6+ Kxa5 44. Qd8+ Kb4 45. Qd6+ Kc3 46. e6 Qcd2 47. Qg3+ Qd3 48. Qc7+ Qc4 49. Qg3+ Qd3 50. Qc7+ Kd2 51. e7 Qe2 52. Qd7 Qb8+ 53. Kh1 Qf1# 0-1


[Site "https://www.chess.com"]

[Event "Titled Tuesday Blitz February 07 Late 2023"]
[White "Javakhadze, Zurab"]
[Black "Babazada, Khazar"]
[WhiteFideId "13603647"]
[BlackFideId "13413554"]
[WhiteElo "2459"]
[BlackElo "2474"]
[Result "1-0"]
[Round "05"]
[TimeControl "180+2"]
[Date "2023.02.07"]
[WhiteClock "0:00:18"]
[BlackClock "0:01:42"]

1. Nf3 c5 2. c4 Nc6 3. Nc3 Nf6 4. g3 e6 5. Bg2 d5 6. cxd5 exd5 7. d4 a6 8. O-O cxd4 9. Nxd4 Bc5 10. Nb3 Bb6 11. Bg5 Be6 12. Bxf6 Qxf6 13. Bxd5 O-O 14. Bg2 Rfd8 15. Qc2 Rac8 16. Rad1 Rxd1 17. Qxd1 Rd8 18. Qc1 Nb4 19. Bxb7 Nxa2 20. Nxa2 Bxb3 21. Nc3 Bc4 22. Bf3 Qe5 23. Rd1 Rc8 24. Qf4 Qxf4 25. gxf4 Rb8 26. Bd5 Bxd5 27. Rxd5 Bc7 28. e3 Rxb2 29. Rc5 Bd6 30. Rc8+ Bf8 31. Ra8 Rb6 32. Nd5 Rg6+ 33. Kf1 Re6 34. Nc7 Rc6 35. Nxa6 g6 36. Nb4 Rc1+ 37. Kg2 Kg7 38. Nd3 Rc2 39. Ne5 Bd6 40. Ra7 Bxe5 41. fxe5 g5 42. e6 Rc6 43. exf7 Rf6 44. f3 h5 45. h4 gxh4 46. f4 Rg6+ 47. Kh2 Rg3 48. e4 Rg4 49. e5 Rg6 50. f5 Rb6 51. e6 1-0


[Site "https://www.chess.com"]

[Event "Titled Tuesday Blitz February 07 Late 2023"]
[White "Leiva, Gianmarco"]
[Black "Dominguez Perez, Leinier"]
[WhiteFideId "3804399"]
[BlackFideId "3503240"]
[WhiteElo "2392"]
[BlackElo "2739"]
[Result "0-1"]
[Round "05"]
[TimeControl "180+2"]
[Date "2023.02.07"]
[WhiteClock "0:00:07"]
[BlackClock "0:00:07"]

1. e4 Nf6 2. e5 Nd5 3. d4 d6 4. Nf3 dxe5 5. Nxe5 c6 6. Bc4 Nd7 7. Nf3 g6 8. O-O Bg7 9. Re1 O-O 10. h3 N5b6 11. Bf1 e5 12. c3 exd4 13. cxd4 Nf6 14. Nc3 Be6 15. Bg5 Nbd5 16. Na4 Qc7 17. Nc5 Bf5 18. Rc1 Rae8 19. Ne5 Nd7 20. Ncxd7 Bxd7 21. Bc4 Be6 22. Nd3 Bxd4 23. Bh6 Bg7 24. Bxg7 Kxg7 25. Nc5 Qb6 26. Bxd5 cxd5 27. Qd4+ Kg8 28. b4 Bf5 29. a3 Rxe1+ 30. Rxe1 Qc6 31. Re7 b6 32. Nb3 Re8 33. Rxe8+ Qxe8 34. Qxd5 Qe1+ 35. Kh2 Be6 36. Qd8+ Kg7 37. Qd4+ Kg8 38. Nd2 h5 39. Ne4 Bf5 40. Nf6+ Kf8 41. Nh7+ Kg8 42. Nf6+ Kf8 43. g4 hxg4 44. hxg4 Be6 45. g5 Ke7 46. Ng8+ Kf8 47. Nf6 Ke7 48. Qf4 Qc3 49. Qe4 Qc7+ 50. Kg2 Qd6 51. Qb7+ Bd7 52. Qe4+ Qe6 53. Qxe6+ Kxe6 54. f4 Bc6+ 55. Kg3 a5 56. bxa5 bxa5 57. Ng4 Kd5 58. Ne5 Be8 59. Kg4 Kd4 60. Nf3+ Kc3 61. Ne5 Kb3 62. f5 Kxa3 63. f6 Kb3 64. Nd3 a4 65. Nc5+ Kc2 66. Nxa4 Bxa4 67. Kf4 Bb3 68. Ke5 Be6 69. Kd6 Kd3 70. Ke7 Ke3 71. Kf8 Kf4 72. Kg7 Kxg5 0-1


[Site "https://www.chess.com"]

[Event "Titled Tuesday Blitz February 07 Late 2023"]
[White "Esipenko, Andrey"]
[Black "Tan, Zhongyi"]
[WhiteFideId "24175439"]
[BlackFideId "8603642"]
[WhiteElo "2679"]
[BlackElo "2517"]
[Result "1-0"]
[Round "05"]
[TimeControl "180+2"]
[Date "2023.02.07"]
[WhiteClock "0:00:15"]
[BlackClock "0:00:04"]

1. e4 c5 2. Nf3 d6 3. Bb5+ Bd7 4. c4 Nc6 5. Nc3 e5 6. d3 Nge7 7. h4 Nd4 8. Bxd7+ Qxd7 9. Be3 a6 10. h5 Qg4 11. Kf1 Nxf3 12. gxf3 Qd7 13. f4 O-O-O 14. b4 cxb4 15. Nd5 Nxd5 16. cxd5 Kb8 17. Rb1 exf4 18. Bxf4 f5 19. Rxb4 fxe4 20. dxe4 Be7 21. Kg2 Rhf8 22. Bg3 Bf6 23. Qe2 Ka8 24. Rhb1 Rb8 25. f4 Bc3 26. Rc4 Ba5 27. Qe3 Rfc8 28. Rbc1 Rxc4 29. Rxc4 Qb5 30. Bf2 b6 31. Rc7 g6 32. h6 Qb1 33. Qe2 Qb5 34. Qxb5 axb5 35. Rxh7 Re8 36. Kf3 Bc3 37. Bxb6 Rg8 38. Ra7+ Kb8 39. Rd7 Bb4 40. h7 1-0


[Site "https://www.chess.com"]

[Event "Titled Tuesday Blitz February 07 Late 2023"]
[White "Dardha, Daniel"]
[Black "Mgeladze, Tamaz"]
[WhiteFideId "240990"]
[BlackFideId "13601202"]
[WhiteElo "2631"]
[BlackElo "2388"]
[Result "1/2-1/2"]
[Round "05"]
[TimeControl "180+2"]
[Date "2023.02.07"]
[WhiteClock "0:00:18"]
[BlackClock "0:00:06"]

1. c3 Nf6 2. c4 g6 3. Nc3 Bg7 4. e4 c5 5. g3 O-O 6. Bg2 Nc6 7. Nge2 d6 8. d3 a6 9. O-O Rb8 10. a4 Bd7 11. h3 Ne8 12. Be3 Nd4 13. Rb1 b5 14. axb5 axb5 15. Bxd4 cxd4 16. Nxb5 Bxb5 17. cxb5 Rxb5 18. Qa4 Qb6 19. Rfc1 Rxb2 20. Rxb2 Qxb2 21. Rc2 Qb1+ 22. Kh2 Qd1 23. Qc4 d5 24. exd5 Nd6 25. Qc7 Qxd3 26. Nf4 Qd1 27. Rc1 Qd2 28. Rc2 Qd1 29. Re2 Nf5 30. Be4 e5 31. dxe6 fxe6 32. Bxf5 exf5 33. Re7 Bf6 34. Ne6 Qe2 35. Kg1 Qe1+ 36. Kg2 Qe4+ 37. Kf1 Qd3+ 38. Ke1 Qc3+ 39. Qxc3 dxc3 40. Nxf8 Bxe7 41. Nd7 Kf7 42. Ke2 Ke6 43. Nb6 Bc5 44. Na4 Bd4 45. f3 Kd5 46. Kd3 g5 47. Nxc3+ Bxc3 48. Kxc3 g4 49. hxg4 fxg4 50. Kd3 gxf3 51. Ke3 f2 52. Kxf2 Ke4 53. Kg2 Kf5 54. Kh3 Kg5 55. g4 h5 56. gxh5 Kxh5 1/2-1/2


[Site "https://www.chess.com"]

[Event "Titled Tuesday Blitz February 07 Late 2023"]
[White "Taspinar, Yanki"]
[Black "Chigaev, Maksim"]
[WhiteFideId "34561188"]
[BlackFideId "4108116"]
[WhiteElo "2262"]
[BlackElo "2628"]
[Result "0-1"]
[Round "05"]
[TimeControl "180+2"]
[Date "2023.02.07"]
[WhiteClock "0:00:25"]
[BlackClock "0:01:17"]

1. Nf3 Nf6 2. g3 g6 3. Bg2 Bg7 4. O-O O-O 5. b3 d5 6. Bb2 c5 7. d4 Ne4 8. Nbd2 Nc6 9. e3 Bg4 10. h3 Nxd2 11. Qxd2 Bxf3 12. Bxf3 cxd4 13. exd4 e6 14. Rfd1 Rc8 15. Rac1 Qa5 16. a3 Qxd2 17. Rxd2 Bh6 18. Rcd1 Bxd2 19. Rxd2 b5 20. Be2 a6 21. f4 Ne7 22. Bd3 Nf5 23. Kg2 Nd6 24. Kf3 f5 25. g4 Kf7 26. Re2 Ne4 27. Re1 Rc6 28. Re2 Rfc8 29. Rh2 a5 30. g5 b4 31. a4 h6 32. h4 Rh8 33. Kg2 Rcc8 34. Bc1 Rh7 35. Be3 Rch8 36. Bg1 Ke7 37. Be2 hxg5 38. hxg5 Rxh2+ 39. Bxh2 Rc8 40. Bd3 Rc3 41. Bg3 Nd2 42. Be1 Rxd3 43. cxd3 Nxb3 44. Kf2 Nxd4 45. Bd2 Kd6 46. Bc1 Nb3 47. Bb2 Nc5 48. Ke3 Nxa4 49. Be5+ Kc6 50. Bd4 Nc5 51. Kd2 a4 52. Ke3 Kb5 53. Be5 a3 54. Kd2 d4 55. Kc2 b3+ 56. Kb1 Nxd3 57. Bxd4 Nxf4 58. Be3 Nd5 59. Bc1 Nc3+ 60. Ka1 b2+ 61. Bxb2 axb2+ 62. Kxb2 Kc4 63. Kc2 Kd4 64. Kd2 Ne4+ 65. Ke2 Nxg5 66. Ke1 e5 67. Kf1 Ke4 68. Ke1 Kf4 69. Kf1 e4 70. Ke1 Ne6 71. Kf1 g5 72. Ke1 g4 73. Kf1 Ng5 74. Kg1 Ke5 75. Kf1 f4 76. Ke1 Kf5 77. Kf1 g3 78. Kg1 Kg4 79. Kf1 f3 80. Ke1 e3 81. Kf1 Ne4 82. Kg1 e2 83. Kh1 e1=Q# 0-1


[Site "https://www.chess.com"]

[Event "Titled Tuesday Blitz February 07 Late 2023"]
[White "Sokolovsky, Yahli"]
[Black "Kozak, Adam"]
[WhiteFideId "2820242"]
[BlackFideId "753246"]
[WhiteElo "2461"]
[BlackElo "2572"]
[Result "1-0"]
[Round "05"]
[TimeControl "180+2"]
[Date "2023.02.07"]
[WhiteClock "0:00:05"]
[BlackClock "0:00:01"]

1. b3 a5 2. Bb2 a4 3. b4 d5 4. a3 Nf6 5. Nf3 g6 6. Bxf6 exf6 7. d4 f5 8. e3 c6 9. c4 Bg7 10. cxd5 Qxd5 11. Nc3 Qb3 12. Qc1 O-O 13. Ng5 h6 14. Rb1 hxg5 15. Rxb3 axb3 16. Bc4 Nd7 17. Bxb3 Nf6 18. Na4 f4 19. Nb6 Ra6 20. Nxc8 Rxc8 21. O-O Bh6 22. e4 Rd8 23. Rd1 Kg7 24. a4 Nxe4 25. b5 Raa8 26. bxc6 bxc6 27. Qxc6 Nd6 28. Re1 Rac8 29. Qd5 g4 30. a5 Re8 31. Rd1 Rcd8 32. a6 g3 33. a7 gxf2+ 34. Kf1 Nf5 35. Qxd8 Rxd8 36. Ra1 Nxd4 37. Bd1 Nf5 38. Bf3 Ne3+ 39. Kxf2 g5 40. a8=Q Rxa8 41. Rxa8 g4 42. Be4 Bg5 43. Ra7 Nd1+ 44. Ke1 Nc3 45. Bd3 g3 46. hxg3 fxg3 47. Bc4 Kg6 48. Bxf7+ Kf5 49. Bc4 Be3 50. Rf7+ Ke5 51. Rf3 Bf2+ 52. Kd2 Ne4+ 53. Ke2 Kd4 54. Bd3 Nc3+ 55. Kd2 Nd5 56. Rf5 Ne3 57. Rf4+ Ke5 58. Rxf2 1-0


[Site "https://www.chess.com"]

[Event "Titled Tuesday Blitz February 07 Late 2023"]
[White "Suleymanli, Aydin"]
[Black "UnknownMagician"]
[WhiteFideId "13413937"]
[WhiteElo "2560"]
[BlackElo "2696"]
[Result "1-0"]
[Round "05"]
[TimeControl "180+2"]
[Date "2023.02.07"]
[WhiteClock "0:00:04"]
[BlackClock "0:00:16"]

1. e4 c6 2. Bc4 d5 3. Bb3 g6 4. Nc3 Nf6 5. Nf3 dxe4 6. Ng5 e6 7. O-O Bg7 8. Ngxe4 O-O 9. Nxf6+ Qxf6 10. Ne4 Qd4 11. d3 Nd7 12. c3 Qb6 13. Re1 a5 14. Bf4 a4 15. Bxa4 Qxb2 16. Bb3 Nf6 17. Rb1 Qa3 18. Bd6 Qa5 19. Bxf8 Kxf8 20. Qf3 Nxe4 21. Rxe4 Qxc3 22. Bxe6 Bxe6 23. Rxe6 Rxa2 24. Rbe1 Bd4 25. R6e2 Rxe2 26. Qxe2 b5 27. Rb1 b4 28. Qd1 c5 29. Rb3 Qa1 30. Qxa1 Bxa1 31. Kf1 Ke7 32. Ke2 Kd6 33. Kd1 Bd4 34. f3 Ke5 35. Rb1 Kf4 36. Ke2 h5 37. g3+ Kf5 38. Kd2 h4 39. Rf1 g5 40. Kc2 f6 41. Kb3 g4 42. fxg4+ Kxg4 43. Rf4+ Kg5 44. Rxh4 Bg1 45. Kc4 f5 46. Kb3 Be3 47. Rh8 Kg4 48. Rg8+ Kf3 49. Rf8 Ke2 50. Kc4 Kd2 51. Rxf5 Kc2 52. Re5 Bd2 53. Rxc5 b3 54. Rb5 b2 55. d4 Bg5 56. d5 Bd8 57. h4 Bc7 58. h5 Bxg3 59. h6 Be5 60. h7 Bh8 61. d6 1-0


[Site "https://www.chess.com"]

[Event "Titled Tuesday Blitz February 07 Late 2023"]
[White "Kalogeris, Ioannis"]
[Black "Perez Ponsa, Federico"]
[WhiteFideId "4239563"]
[BlackFideId "117927"]
[WhiteElo "2423"]
[BlackElo "2532"]
[Result "0-1"]
[Round "05"]
[TimeControl "180+2"]
[Date "2023.02.07"]
[WhiteClock "0:00:10"]
[BlackClock "0:00:09"]

1. e4 c5 2. Nf3 d6 3. Nc3 Nf6 4. d4 cxd4 5. Nxd4 a6 6. g3 e5 7. Nf3 Be7 8. Nh4 g6 9. Ng2 h5 10. h3 b5 11. Ne3 Bb7 12. Bg2 Nbd7 13. a4 b4 14. Ncd5 Nxd5 15. Nxd5 Bxd5 16. Qxd5 h4 17. O-O Rc8 18. Bd2 Rxc2 19. Bxb4 hxg3 20. Ba5 Qc8 21. fxg3 Nf6 22. Qb3 Rxg2+ 23. Kxg2 Qxh3+ 24. Kf2 Nxe4+ 25. Ke1 O-O 26. Rc1 Nxg3 27. Rg1 Bh4 28. Kd1 Qg4+ 29. Kc2 Qe4+ 30. Qd3 Rc8+ 31. Bc3 Qxd3+ 32. Kxd3 e4+ 33. Kc2 Ne2 34. Rh1 Bf6 35. Rcf1 Nxc3 36. bxc3 Rxc3+ 37. Kd2 Rd3+ 38. Ke2 Be5 39. Rb1 Kg7 40. Rb7 Ra3 41. Rf1 Ra2+ 42. Ke3 Rxa4 43. Rfxf7+ Kh6 44. Rf1 d5 45. Rd7 Ra3+ 46. Ke2 Ra2+ 47. Ke3 Ra3+ 48. Ke2 Rd3 49. Re7 Bc3 50. Rh1+ Kg5 51. Rf7 Bd4 52. Rb1 Re3+ 53. Kd2 Rd3+ 54. Ke2 a5 55. Rd7 Bc3 56. Rb5 Rd2+ 57. Ke3 Rd3+ 58. Ke2 Kf4 59. Rf7+ Ke5 60. Re7+ Kd4 61. Rd7 Rd2+ 62. Kf1 Kc4 63. Rbb7 e3 64. Rbc7+ Kd4 65. Kg1 Rd1+ 66. Kg2 e2 67. Re7 e1=Q 68. Rxe1 Rxe1 69. Kf3 Re3+ 0-1


[Site "https://www.chess.com"]

[Event "Titled Tuesday Blitz February 07 Late 2023"]
[White "Swiercz, Dariusz"]
[Black "Vlassov, Nikolai"]
[WhiteFideId "1126881"]
[BlackFideId "4103360"]
[WhiteElo "2637"]
[BlackElo "2283"]
[Result "1-0"]
[Round "05"]
[TimeControl "180+2"]
[Date "2023.02.07"]
[WhiteClock "0:00:22"]
[BlackClock "0:00:11"]

1. d4 Nf6 2. Bg5 e6 3. Nd2 h6 4. Bxf6 Qxf6 5. c3 d5 6. e4 c5 7. Ngf3 cxd4 8. Bb5+ Nc6 9. cxd4 Bd7 10. e5 Qg6 11. O-O Be7 12. Rc1 O-O 13. Nb3 Rfc8 14. Nc5 Bxc5 15. Rxc5 a6 16. Bd3 Qh5 17. Qd2 Na7 18. Rfc1 Rxc5 19. Rxc5 Bc6 20. Qf4 g5 21. Qf6 g4 22. Ne1 Qg5 23. Qxg5+ hxg5 24. Nc2 f5 25. exf6 Kf7 26. Ne3 Kxf6 27. Nxg4+ Ke7 28. Ne5 Kd6 29. Nf7+ Ke7 30. Nxg5 b6 31. Rc1 Kd6 32. Nf7+ Ke7 33. Ne5 Bb5 34. Rc7+ Kd6 35. Rg7 Rc8 36. h4 Be8 37. Rxa7 1-0


[Site "https://www.chess.com"]

[Event "Titled Tuesday Blitz February 07 Late 2023"]
[White "Jones, Gawain C B"]
[Black "Godzwon, Iwo"]
[WhiteFideId "409561"]
[BlackFideId "21802483"]
[WhiteElo "2618"]
[BlackElo "2394"]
[Result "0-1"]
[Round "05"]
[TimeControl "180+2"]
[Date "2023.02.07"]
[WhiteClock "0:00:02"]
[BlackClock "0:00:42"]

1. e4 c5 2. Nc3 e6 3. Nf3 Nc6 4. Bb5 Nge7 5. d4 cxd4 6. Nxd4 a6 7. Be2 Nxd4 8. Qxd4 Nc6 9. Qd3 Be7 10. Bf4 d6 11. O-O-O e5 12. Be3 Be6 13. Nd5 Bxd5 14. exd5 Nb8 15. Qb3 Qc7 16. Bb6 Qc8 17. Qa4+ Nd7 18. Bg4 Bd8 19. Bxd8 b5 20. Qb4 Qxd8 21. Qxd6 Qg5+ 22. f4 Qxf4+ 23. Kb1 Qxg4 24. Rhe1 Qg6 25. Qb4 Qb6 26. Rd3 f6 27. Qg4 g6 28. d6 f5 29. Qg5 O-O 30. Qe7 Rf7 31. Qe6 Rd8 32. h4 Nc5 33. Qd5 Nxd3 34. Qxd3 Qxd6 35. Qe2 e4 36. a3 Qd2 37. Qf1 Rc7 38. Rc1 e3 39. g4 e2 40. Qh1 Rxc2 41. Rxc2 e1=Q+ 42. Qxe1 Qxe1+ 43. Ka2 Qe6+ 44. b3 Rd3 0-1


[Site "https://www.chess.com"]

[Event "Titled Tuesday Blitz February 07 Late 2023"]
[White "Pichot, Alan"]
[Black "Koellner, Ruben Gideon"]
[WhiteFideId "110973"]
[BlackFideId "12993093"]
[WhiteElo "2638"]
[BlackElo "2426"]
[Result "1-0"]
[Round "05"]
[TimeControl "180+2"]
[Date "2023.02.07"]
[WhiteClock "0:02:12"]
[BlackClock "0:00:07"]

1. Nf3 Nf6 2. b3 d6 3. Bb2 e5 4. c4 Nbd7 5. g3 Be7 6. Bg2 c6 7. O-O O-O 8. Nc3 Re8 9. d3 Qc7 10. Nd2 Nf8 11. Rc1 Be6 12. b4 a5 13. b5 N6d7 14. a4 Nc5 15. Nb3 Nxb3 16. Qxb3 c5 17. b6 Qd7 18. Qb5 Qxb5 19. Nxb5 Rab8 20. Bc3 Bd7 21. Bxa5 Rec8 22. Bc3 Bc6 23. Na7 Re8 24. Bxc6 bxc6 25. a5 Bg5 26. e3 d5 27. Nxc6 Ra8 28. cxd5 Nd7 29. Kh1 1-0


[Site "https://www.chess.com"]

[Event "Titled Tuesday Blitz February 07 Late 2023"]
[White "Demidov, Mikhail"]
[Black "Klose, Eli"]
[WhiteFideId "4197143"]
[BlackFideId "16242955"]
[WhiteElo "2583"]
[BlackElo "1519"]
[Result "1-0"]
[Round "05"]
[TimeControl "180+2"]
[Date "2023.02.07"]
[WhiteClock "0:00:58"]
[BlackClock "0:00:13"]

1. Nf3 Nf6 2. g3 c5 3. Bg2 Nc6 4. O-O d6 5. d4 cxd4 6. Nxd4 Bd7 7. c4 g6 8. Nc3 Bg7 9. b3 Qa5 10. Bb2 Qh5 11. e3 Qxd1 12. Rfxd1 Nxd4 13. exd4 Bc6 14. d5 Bd7 15. Re1 Kd8 16. Ne4 Bf5 17. Ng5 Ke8 18. c5 h6 19. Ne4 Bxe4 20. Bxe4 Kd7 21. c6+ bxc6 22. dxc6+ Kc7 23. Bxg6 e5 24. Bxf7 Kxc6 25. Rac1+ Kd7 26. f4 Rhf8 27. fxe5 dxe5 28. Bxe5 Rxf7 29. Rc7+ Ke6 30. Bxf6+ Kxf6 31. Rf1+ Kg6 32. Rcxf7 Bd4+ 33. Kg2 Re8 34. Rd7 Bb6 35. Rd2 Re3 36. Rf3 Re1 37. b4 Rb1 38. Rb3 Rc1 39. a4 a6 40. Rd6+ 1-0


[Site "https://www.chess.com"]

[Event "Titled Tuesday Blitz February 07 Late 2023"]
[White "Janaszak, Dawid"]
[Black "Harvey, Marcus R"]
[WhiteFideId "1119206"]
[BlackFideId "400092"]
[WhiteElo "2316"]
[BlackElo "2462"]
[Result "1-0"]
[Round "05"]
[TimeControl "180+2"]
[Date "2023.02.07"]
[WhiteClock "0:00:02"]
[BlackClock "0:00:02"]

1. e4 c5 2. Nc3 d6 3. f4 g6 4. Nf3 Bg7 5. Bc4 Nc6 6. O-O e6 7. d4 cxd4 8. Nb5 a6 9. Nbxd4 Nxd4 10. Nxd4 Nf6 11. f5 exf5 12. exf5 O-O 13. Bg5 d5 14. Bb3 Qd6 15. c3 Ne4 16. Bf4 Qc5 17. Be3 Qd6 18. Qf3 Bxd4 19. Bxd4 Bxf5 20. Qe3 Rae8 21. Qh6 f6 22. Rad1 Nc5 23. Rxf5 gxf5 24. Bc2 Ne4 25. Rf1 Qe6 26. Rf3 Re7 27. Qf4 Ng5 28. Re3 Qf7 29. Bxf5 Rxe3 30. Bxe3 Re8 31. h4 Ne4 32. Bd4 Qh5 33. Bxe4 dxe4 34. Qxf6 Qg6 35. Qf4 h5 36. Be3 Re7 37. Qb8+ Kh7 38. Bd4 Re8 39. Qxb7+ Kg8 40. Qd7 e3 41. Qd5+ Kh7 42. Qd7+ Kg8 43. Qd5+ Kf8 44. Bc5+ Kg7 45. Bd4+ Kh6 46. Qf3 1-0


[Site "https://www.chess.com"]

[Event "Titled Tuesday Blitz February 07 Late 2023"]
[White "Ramirez, Alejandro"]
[Black "Olenik Campa, Rudi"]
[WhiteFideId "6500617"]
[BlackFideId "14633264"]
[WhiteElo "2572"]
[BlackElo "2356"]
[Result "1-0"]
[Round "05"]
[TimeControl "180+2"]
[Date "2023.02.07"]
[WhiteClock "0:00:21"]
[BlackClock "0:00:16"]

1. Nf3 Nf6 2. c4 g6 3. g3 Bg7 4. Bg2 O-O 5. O-O d6 6. d4 Nc6 7. Nc3 e5 8. d5 Nb8 9. Ne1 a5 10. Nd3 Na6 11. e4 Nd7 12. Be3 Nac5 13. b3 b6 14. Ne1 f5 15. exf5 gxf5 16. Rc1 Nf6 17. Nd3 Ng4 18. Nxc5 bxc5 19. Bd2 Bd7 20. h3 Nf6 21. a4 Qe8 22. f4 e4 23. Qe1 Qg6 24. Kh2 Nh5 25. Be3 Kh8 26. Ne2 Bf6 27. Rg1 Rg8 28. Bf1 Rab8 29. Rb1 Rb4 30. Bd2 Rb7 31. Bxa5 Rgb8 32. g4 fxg4 33. hxg4 Ng7 34. Qg3 Bxa4 35. g5 Rxb3 36. gxf6 Qh5+ 37. Bh3 Nf5 38. Rxb3 Bxb3 39. Qg2 Bxc4 40. f7 Qxf7 41. Bc3+ 1-0


[Site "https://www.chess.com"]

[Event "Titled Tuesday Blitz February 07 Late 2023"]
[White "Yanchenko, Roman"]
[Black "Czopor, Maciej"]
[WhiteFideId "4137329"]
[BlackFideId "21805431"]
[WhiteElo "2466"]
[BlackElo "2385"]
[Result "1-0"]
[Round "05"]
[TimeControl "180+2"]
[Date "2023.02.07"]
[WhiteClock "0:01:24"]
[BlackClock "0:00:01"]

1. d4 d6 2. Nf3 Nd7 3. c4 e5 4. Nc3 g6 5. e3 Bg7 6. Be2 Ne7 7. O-O O-O 8. b3 f5 9. dxe5 Nxe5 10. Bb2 N7c6 11. Nxe5 Nxe5 12. Qd2 Be6 13. Rad1 Qf6 14. Nd5 Qf7 15. Nf4 Bd7 16. Qd5 Bc6 17. Qxf7+ Kxf7 18. Rd2 a5 19. a4 Rfe8 20. Nd5 Bxd5 21. cxd5 Re7 22. Rc1 Rc8 23. Rdc2 c5 24. dxc6 Rxc6 25. Bb5 Rxc2 26. Rxc2 Nc6 27. Bxg7 Kxg7 28. Bxc6 bxc6 29. Rxc6 Rb7 30. Rc3 Kf6 31. Kf1 Ke5 32. Ke2 g5 33. Kd3 h5 34. Kc2 h4 35. Rc4 g4 36. g3 hxg3 37. hxg3 Rh7 38. Kd3 Rh2 39. Rf4 d5 40. Kc3 Rh1 41. b4 axb4+ 42. Kxb4 Rb1+ 43. Kc5 Rc1+ 44. Kb5 Rb1+ 45. Rb4 Rf1 46. a5 Rxf2 47. a6 Ra2 48. Ra4 Rb2+ 49. Kc6 Rc2+ 50. Kd7 Rh2 51. a7 Rh8 52. Kc6 Ra8 53. Kb7 Rd8 54. a8=Q Rxa8 55. Kxa8 1-0


[Site "https://www.chess.com"]

[Event "Titled Tuesday Blitz February 07 Late 2023"]
[White "Riehle, Marco"]
[Black "Aldokhin, Ivan"]
[WhiteFideId "12904392"]
[BlackFideId "24115720"]
[WhiteElo "2368"]
[BlackElo "2413"]
[Result "1-0"]
[Round "05"]
[TimeControl "180+2"]
[Date "2023.02.07"]
[WhiteClock "0:01:06"]
[BlackClock "0:00:05"]

1. e4 c5 2. a3 e6 3. b4 cxb4 4. axb4 Bxb4 5. Bb2 Nf6 6. e5 Nd5 7. c4 Nb6 8. Ra3 Bxa3 9. Bxa3 Nc6 10. Qg4 g6 11. Nf3 Ne7 12. Nc3 d5 13. exd6 Nf5 14. Ne4 e5 15. Nxe5 Be6 16. c5 Nd4 17. Qf4 Nd5 18. Qh6 Nc2+ 19. Kd1 Nxa3 20. Qg7 Rf8 21. d7+ Bxd7 22. Nd6+ Ke7 23. Nexf7 Ba4+ 24. Kc1 Ke6 25. Nxd8+ Raxd8 26. Bd3 Nf4 27. Re1+ Kd5 28. Qe5+ Kc6 29. Be4+ Kd7 30. Qb2 Bc6 31. Bxc6+ Kxc6 32. Qxa3 b5 33. g3 Nd5 34. Ne4 Rfe8 35. Qa6+ Kc7 36. Qxa7+ Kc6 37. Qa6+ Kc7 38. Kb2 Nb4 39. Qb6+ Kc8 40. Nd6+ Kd7 41. Qb7# 1-0


[Site "https://www.chess.com"]